 Dungeon Crawl Stone Soup version 0.21-a0-346-g330ab2c (webtiles) character file.

7432 KristoblXynda the Martial Artist (level 10, -10/62 HPs)
             Began as a Black Draconian Venom Mage on Oct 5, 2017.
             Was a Believer of Vehumet.
             Mangled by an eight-headed hydra (14 damage)
             ... on level 8 of the Dungeon.
             The game lasted 00:35:14 (11470 turns).

KristoblXynda the Martial Artist (DrVM)            Turns: 11470, Time: 00:35:15

Health: -10/62     AC:  9    Str: 10    XL:     10   Next: 93%
Magic:  14/25      EV: 12    Int: 19    God:    Vehumet [**....]
Gold:   575        SH:  0    Dex: 12    Spells: 20/27 levels left

rFire    + . .     SeeInvis .   l - +3 dagger (venom)
rCold    + . .     Gourm    .   (no shield)
rNeg     . . .     Faith    .   (armour unavailable)
rPois    .         Spirit   .   (helmet restricted)
rElec    +         Reflect  .   (no cloak)
rCorr    .         Harm     .   j - +0 pair of gloves
MR       +....     Clarity  +   x - +0 pair of boots
Stlth    ++........             f - amulet of regeneration
HPRegen  0.60/turn              g - ring of protection from cold
MPRegen  0.19/turn              y - ring of protection from magic

@: short of breath, very slightly contaminated
A: breathe lightning, unfitting armour, clarity, fire resistance 1, frail 1,
high mp 1, electricity resistance, wild magic 1, cold-blooded, AC +7
a: Breathe Lightning, Renounce Religion


You were on level 8 of the Dungeon.
You worshipped Vehumet.
Vehumet was pleased with you.
You were very hungry.

You visited 2 branches of the dungeon, and saw 9 of its levels.

You collected 575 gold pieces.

Inventory:

Hand Weapons
 l - a +3 dagger of venom (weapon)
 A - the +7 hand axe of Unreason {drain, rElec rF+ Str-4 Stlth+}
   (You found it on level 8 of the Dungeon)

   A truly terrible weapon, it drains the life of those it strikes.
   It affects your strength (-4).
   It protects you from fire.
   It insulates you from electricity.
   It makes you more stealthy.
 E - a +2 war axe of electrocution
Missiles
 c - 11 javelins (quivered)
Armour
 e - a +0 buckler
 j - a +0 pair of gloves (worn)
 x - a +0 pair of boots (worn)
Jewellery
 f - an amulet of regeneration (around neck)
 g - a ring of protection from cold (left hand)
 r - an uncursed amulet of the gourmand
 u - an uncursed ring of resist corrosion
 y - a ring of protection from magic (right hand)
Wands
 k - a wand of clouds (0/9)
 s - a wand of iceblast (0/15)
Scrolls
 m - 5 scrolls of remove curse
 n - a scroll of amnesia
 t - 2 scrolls of teleportation
 C - 2 scrolls of vulnerability
Potions
 d - 2 potions of resistance
 h - 3 potions of brilliance
 i - a potion of flight {unknown}
 p - 2 potions of mutation
 q - a potion of heal wounds
 w - a potion of curing {unknown}
 z - 3 potions of ambrosia
 B - a potion of lignification
Books
 a - a Young Poisoner's Handbook

   Spells                             Type                      Level
   a - Sting                          Conjuration/Poison           1
   b - Poisonous Vapours              Poison/Air                   2
   c - Mephitic Cloud                 Conjuration/Poison/Air       3
   d - Olgreb's Toxic Radiance        Poison                       4
   e - Venom Bolt                     Conjuration/Poison           5
 v - a book of Frost

   Spells                             Type                      Level
   a - Freeze                         Ice                          1
   b - Throw Frost                    Conjuration/Ice              2
   c - Ozocubu's Armour               Charms/Ice                   3
   d - Throw Icicle                   Conjuration/Ice              4
   e - Summon Ice Beast               Ice/Summoning                4
Comestibles
 b - 5 bread rations
 o - 4 meat rations


   Skills:
 - Level 1.7 Dodging
 - Level 1.7 Stealth
 + Level 9.7 Unarmed Combat
 + Level 9.2 Spellcasting
 - Level 4.3 Conjurations
 - Level 4.2 Air Magic
 - Level 3.0 Poison Magic
 + Level 7.8 Evocations


You had 20 spell levels left.
You knew the following spells:

 Your Spells              Type           Power        Failure   Level  Hunger
a - Throw Icicle          Conj/Ice       ###.....     41%         4    ###....
b - Mephitic Cloud        Conj/Pois/Air  ####....     8%          3    None


Dungeon Overview and Level Annotations

Branches:
Dungeon (8/15)             Temple (1/1) D:6            Lair (0/6) D:8

Altars:
Ashenzari
Cheibriados
Dithmenos
Elyvilon
Fedhas
Gozag
Hepliaklqana
Kikubaaqudgha
Makhleb
Nemelex Xobeh
Okawaru
Qazlal
Ru
Sif Muna
Trog
Uskayaw
Vehumet
Wu Jian
Xom
Yredelemnul
Zin
The Shining One

Shops:
D:4 *   D:6 }

Annotations:
D:5 Menkaure; Nattefrost's ghost, novice TeBe
D:7 1 runed door
D:8 2 runed doors


Innate Abilities, Weirdness & Mutations

You can breathe wild blasts of lightning.
Your glossy black scales are hard. (AC +7)
You cannot fit into any form of body armour.
You are resistant to electric shocks. (rElec)
You are cold-blooded and may be slowed by cold attacks.
You possess an exceptional clarity of mind.
Your flesh is heat resistant. (rF+)
You are frail. (-10% HP)
You have an increased reservoir of magic. (+10% MP)
Your spells are a little harder to cast, but a little more powerful.


Message History

The eight-headed hydra misses you.
The eight-headed hydra closely misses you.
The eight-headed hydra bites you! The eight-headed hydra misses you.
The eight-headed hydra bites you!
The eight-headed hydra closely misses you.
The eight-headed hydra bites you. The eight-headed hydra bites you!
You breathe a wild blast of lightning!
The zap hits you! You resist.
You hear a mighty clap of thunder!
The bolt of lightning misses the eight-headed hydra.
The orb of electricity explodes!
The orb of electricity engulfs the eight-headed hydra.
The eight-headed hydra is lightly wounded.
The orb of electricity engulfs you! You resist.
You are feeling very hungry.
The eight-headed hydra bites you!
* * * LOW HITPOINT WARNING * * *
The eight-headed hydra bites you but does no damage. x3
The eight-headed hydra closely misses you. x2
The eight-headed hydra bites you!
You die...

..###### #.# #..# #.#..§≈≈>§ ..#
#.# #..# #....≈≈.≈≈ ..# #.# #..#
##)#.≈.≈≈§ ###
#.####..######.#..≈≈§.
#......#.......#......
######..##########..## #######..#
##.## #........#########..#
#.###.@............## #.#
#D##(########.##
###########.###.##.### ####.#####
.##...#≈≈≈≈≈≈≈≈≈≈≈≈≈≈# #.........
.##......####..######≈##.##.#####
.##.#...[# .#..# # #.#
.#.#≈....##.#..# #.#
..##≈.......#..### #.#
(###≈###.......... #.#


You could see an eight-headed hydra.

Vanquished Creatures
  A two-headed ogre (D:8)
  The ghost of Nattefrost the Grappler, a novice TrWn of Ru (D:7)
  The ghost of Hasart the Slicer, a novice KoAs (D:6)
  A hippogriff (D:6)
  Sigmund (D:3)
  A vampire (D:8)
  A yak (D:7)
  A human (D:7)
  A basilisk (D:8)
  Eustachio (D:4)
  A hungry ghost (D:8)
  3 hogs (D:7)
  Grum (D:8)
  A vampire mosquito (D:8)
  2 hell hounds (D:8)
  Duvessa (D:6)
  2 ice beasts
  A sky beast (D:6)
  A hornet zombie (D:8)
  4 orc warriors
  4 phantoms
  6 ogres
  4 wolves
  5 centaurs
  7 bullfrogs
  2 scorpions (D:6)
  Dowan (D:6)
  6 killer bees (D:8)
  7 crimson imps
  A quasit (D:6)
  2 centaur skeletons
  3 hounds
  2 orc priests
  4 iguanas
  Jessica (D:3)
  Ijyb (D:4)
  6 orc wizards
  5 worker ants
  A killer bee zombie (D:8)
  Robin (D:4)
  3 gnolls (D:4)
  9 adders
  A shadow imp (D:6)
  An adder zombie (D:6)
  An adder skeleton (D:8)
  3 worms
  2 dart slugs (D:2)
  2 leopard geckos
  23 orcs
  A ball python (D:2)
  4 giant cockroaches
  15 goblins
  8 hobgoblins
  4 jackals (D:5)
  4 quokkas
  9 bats
  6 frilled lizards
  A jackal skeleton (D:6)
  5 kobolds
  A leopard gecko skeleton (D:4)
  A quokka zombie (D:6)
  8 rats
  A withered plant (D:6)
209 creatures vanquished.

Vanquished Creatures (others)
  An orc warrior (D:6)
  4 orcs (D:6)
  A giant cockroach (D:8)
6 creatures vanquished.

Grand Total: 215 creatures vanquished

Notes
Turn   | Place    | Note
-------+----------+-------------------------------------------
     0 | D:1      | KristoblXynda the Draconian Venom Mage began the quest for the Orb.
     0 | D:1      | Reached XP level 1. HP: 14/14 MP: 3/3
   369 | D:1      | Reached XP level 2. HP: 18/20 MP: 3/5
   537 | D:1      | Reached skill level 1 in Unarmed Combat
  1155 | D:2      | Reached XP level 3. HP: 19/26 MP: 2/6
  1783 | D:2      | Found an ornate altar of the Wu Jian Council.
  2239 | D:3      | Reached XP level 4. HP: 21/33 MP: 0/8
  2347 | D:3      | Learned a level 3 spell: Mephitic Cloud
  3021 | D:3      | HP: 1/33 [orc/trident (6)]
  3590 | D:3      | Noticed Jessica
  3594 | D:3      | Killed Jessica
  3594 | D:3      | Reached XP level 5. HP: 36/38 MP: 4/9
  3622 | D:3      | Found a shimmering altar of Xom.
  3859 | D:3      | Noticed Sigmund
  3876 | D:3      | Killed Sigmund
  3876 | D:3      | Reached XP level 6. HP: 42/45 MP: 2/11
  4313 | D:4      | Your scales start taking on a glossy black colour.
  4313 | D:4      | Reached XP level 7. HP: 50/50 MP: 6/13
  4313 | D:4      | Gained mutation: You are resistant to electric shocks. (rElec) [Black Draconian growth]
  4362 | D:4      | Noticed Robin
  4474 | D:4      | Noticed Ijyb
  4490 | D:4      | Killed Ijyb
  4517 | D:4      | Killed Robin
  4598 | D:4      | Reached skill level 1 in Air Magic
  4907 | D:4      | Noticed Eustachio
  5442 | D:4      | Killed Eustachio
  5503 | D:4      | Reached skill level 5 in Spellcasting
  5510 | D:4      | Reached skill level 5 in Unarmed Combat
  5646 | D:4      | Reached XP level 8. HP: 57/57 MP: 12/15
  5767 | D:4      | Found Aneghuf's General Store.
  5856 | D:5      | Entered Level 5 of the Dungeon
  5949 | D:5      | Noticed Nattefrost's ghost (novice TeBe)
  6245 | D:5      | Found a sparkling altar of Nemelex Xobeh.
  6403 | D:5      | Noticed Menkaure
  6761 | D:6      | Noticed Hasart's ghost (novice KoAs)
  6776 | D:6      | Reached skill level 1 in Evocations
  6778 | D:6      | Killed Hasart's ghost
  6814 | D:6      | Found Xogebby's Gadget Shoppe.
  6897 | D:6      | Found a basalt altar of Yredelemnul.
  6898 | D:6      | Noticed Duvessa
  6900 | D:6      | Noticed Dowan
  6921 | D:6      | Killed Dowan
  6938 | D:6      | Reached XP level 9. HP: 54/62 MP: 12/18
  6959 | D:6      | Killed Duvessa
  7278 | D:6      | Found a white marble altar of Elyvilon.
  7278 | D:6      | Found a hide-covered altar of Uskayaw.
  7283 | D:6      | Found an opulent altar of Gozag.
  7285 | D:6      | Found a burning altar of Makhleb.
  7286 | D:6      | Found a glowing golden altar of the Shining One.
  7417 | D:6      | Gained mutation: You possess an exceptional clarity of mind. [mutagenic meat]
  7418 | D:6      | Gained mutation: Your magical capacity is low. (-10% MP) [mutagenic meat]
  7419 | D:6      | Gained mutation: Scrolls take you a little longer to read. [mutagenic meat]
  7420 | D:6      | Gained mutation: Your tail ends in a poisonous barb. [mutagenic meat]
  7421 | D:6      | Gained mutation: You are frail. (-10% HP) [mutagenic meat]
  7423 | D:6      | Lost mutation: Your magical capacity is low. (-10% MP) [potion of mutation]
  7423 | D:6      | Lost mutation: Scrolls take you a little longer to read. [potion of mutation]
  7423 | D:6      | Lost mutation: You are frail. (-10% HP) [potion of mutation]
  7423 | D:6      | Lost mutation: Your tail ends in a poisonous barb. [potion of mutation]
  7423 | D:6      | Gained mutation: Your spells are a little harder to cast, but a little more powerful. [potion of mutation]
  7423 | D:6      | Gained mutation: You are frail. (-10% HP) [potion of mutation]
  7423 | D:6      | Gained mutation: You have an increased reservoir of magic. (+10% MP) [potion of mutation]
  7423 | D:6      | Gained mutation: Your flesh is heat resistant. (rF+) [potion of mutation]
  7658 | D:6      | Found a staircase to the Ecumenical Temple.
  7667 | Temple   | Entered the Ecumenical Temple
  7867 | Temple   | Became a worshipper of Vehumet
  8019 | D:7      | Found a runed door.
  8023 | D:7      | Found a glowing silver altar of Zin.
  8023 | D:7      | Noticed an angel
  8084 | D:7      | Reached skill level 5 in Evocations
  8093 | D:7      | Found a snail-covered altar of Cheibriados.
  8105 | D:7      | Noticed Nattefrost's ghost (novice TrWn)
  8127 | D:7      | Killed Nattefrost's ghost
  8279 | D:7      | Reached XP level 10. HP: 61/62 MP: 24/24
  8815 | D:8      | Found a large runed door.
  8815 | D:8      | Found a large runed door.
  8815 | D:8      | Noticed Grum
  8817 | D:8      | Noticed an eight-headed hydra
  9192 | D:8      | Reached * piety under Vehumet
  9192 | D:8      | Offered knowledge of Sandblast by Vehumet.
  9515 | D:8      | Noticed a two-headed ogre
  9532 | D:8      | Killed a two-headed ogre
 10203 | D:8      | Killed Grum
 10231 | D:8      | Offered knowledge of Flame Tongue by Vehumet.
 10249 | D:8      | Reached ** piety under Vehumet
 10487 | D:8      | Found a deep blue altar of Sif Muna.
 10524 | D:8      | Found a staircase to the Lair.
 10660 | D:8      | HP: 2/62 [eight-headed hydra (15)]
 11058 | D:8      | Learned a level 4 spell: Throw Icicle
 11388 | D:8      | Got an ichor-stained hand axe
 11394 | D:8      | Identified the +7 hand axe of Unreason {drain, rElec rF+ Str-4 Stlth+} (You found it on level 8 of the Dungeon)
 11470 | D:8      | Mangled by an eight-headed hydra

Vault maps used:
D:1:      minmay_arrival_shoal_huts
D:2:      overflow_temple_1_default, serial_bayou, serial_bayou_shore_a,
          serial_bayou_pond_a, serial_bayou_pond_e, serial_bayou_crossing,
          serial_bayou_lagoon_a, serial_bayou_lake_a
D:3:      led_xom_imps, uniq_sigmund, uniq_jessica
D:4:      serial_shops, shop, grunt_decor_arrowhead, minmay_door_square,
          uniq_ijyb, uniq_eustachio, uniq_robin
D:5:      basic_altar, first_bread, uniq_menkaure
D:6:      yredelemnul_altar_generic, chequers_temple_overflow_minitemple,
          lemuel_temple_firewalk_a, serial_shops, kennysheep_mini, uniq_duvessa,
          uniq_edmund
D:7:      lemuel_round_altar, grunt_livestock, lemuel_angel_altar
D:8:      cheibrodos_ideogram_h, overflow_temple_1_default,
          minmay_lair_entry_lava, jmf_multi_god_temple2, uniq_grum
Temple:   nicolae_temple_figure_eight

Skill      XL: |  1  2  3  4  5  6  7  8  9 10 |
---------------+-------------------------------+-----
Unarmed Combat | 1 2 3 4 5 6 8 9 |  9.7
Conjurations   | 2 3 4 |  4.3
Spellcasting   | 3 4 5 6 7 9 |  9.2
Air Magic      | 3 4 |  4.2
Evocations     | 3 5 7 |  7.8
Dodging        | |  1.7
Stealth        | |  1.7
Poison Magic   | |  3.0

Action                   |  1- 3 |  4- 6 |  7- 9 | 10-12 || total
-------------------------+-------+-------+-------+-------++-------
Melee: Unarmed           |   124 |    49 |       |       ||   173
       Tailslap          |    11 |     8 |    49 |    43 ||   111
       Dagger            |       |    45 |   384 |   340 ||   769
       Punch             |       |     1 |    11 |     7 ||    19
Throw: Javelin           |     3 |     2 |     8 |     9 ||    22
 Cast: Sting             |    62 |    68 |    10 |       ||   140
       Mephitic Cloud    |       |     3 |    20 |    27 ||    50
 Abil: Breathe Lightning |       |       |     1 |    11 ||    12
Evoke: Wand              |       |       |     8 |     2 ||    10
  Use: Scroll            |     5 |     3 |     6 |     9 ||    23
       Potion            |       |     1 |     2 |     2 ||     5
 Stab: Sleeping          |     1 |       |     3 |       ||     4
       Confused          |       |       |     5 |    12 ||    17
       Distracted        |       |       |       |     1 ||     1
  Eat: Chunk             |     5 |     6 |    14 |     4 ||    29
       Fruit             |       |       |     2 |       ||     2
       Meat ration       |       |       |     1 |     1 ||     2
       Royal jelly       |       |       |       |     4 ||     4
       Bread ration      |       |       |       |     1 ||     1
Armor: Skin              |    36 |    29 |    79 |   112 ||   256
Dodge: Dodged            |    98 |    52 |   208 |   237 ||   595

Table legend:
 A = Spawn XP
 B = Non-spawn XP
 C = Spawn XP percentage of total XP
 D = Spawn monster count
 E = Non-spawn monster count
 F = Spawn count percentage of total count
 G = Total turns spent on level
                    A         B        C        D         E        F      G
               +---------+---------+-------+---------+---------+-------+---------
         Total |       0 |   10618 |   0.0 |       0 |     209 |   0.0 | 11470
               +---------+---------+-------+---------+---------+-------+---------
           D:1 |       0 |      22 |   0.0 |       0 |      14 |   0.0 |   862
           D:2 |       0 |      49 |   0.0 |       0 |      20 |   0.0 |  1231
           D:3 |       0 |     476 |   0.0 |       0 |      28 |   0.0 |  2135
           D:4 |       0 |     940 |   0.0 |       0 |      34 |   0.0 |  1628
           D:5 |       0 |     401 |   0.0 |       0 |      16 |   0.0 |   902
           D:6 |       0 |    2156 |   0.0 |       0 |      28 |   0.0 |   983
           D:7 |       0 |    2455 |   0.0 |       0 |      27 |   0.0 |  2168
           D:8 |       0 |    4119 |   0.0 |       0 |      42 |   0.0 |  1345
               +---------+---------+-------+---------+---------+-------+---------
